 Dungeon Crawl Stone Soup version 0.29.1-15-g9cfb28693d (webtiles) character file.

Game seed: 462326905759827910

41 Heoruswealwe the Shooter (level 3, -6/29 HPs)
             Began as a Demigod Hunter on Mar 27, 2023.
             Killed from afar by Natasha (15 damage)
             ... with a bolt of dispelling energy
             ... on level 2 of the Dungeon.
             The game lasted 00:13:26 (1590 turns).

Heoruswealwe the Shooter (Demigod Hunter)           Turns: 1590, Time: 00:13:26

Health: -6/29      AC:  3    Str: 12    XL:     3   Next: 16%
Magic:  5/5        EV: 12    Int: 11    God:
Gold:   121        SH:  0    Dex: 21    Spells: 2/2 levels left

rFire   . . .      SeeInvis .   b - +0 rapier
rCold   . . .      Faith    .   (no shield)
rNeg    . . .      Spirit   .   c - +0 leather armour
rPois   +          Reflect  .   (no helmet)
rElec   .          Harm     .   (no cloak)
rCorr   .          Rampage  .   (no gloves)
Will    .....                   (no boots)
Stlth   ++........              (no amulet)
HPRegen 0.09/turn               j - ring of poison resistance
MPRegen 0.09/turn               (no ring)

@: no status effects
A: high MP 1, forlorn, divine attributes
a: no special abilities


You were on level 2 of the Dungeon.
You visited 1 branch of the dungeon, and saw 2 of its levels.

You collected 121 gold pieces.

Inventory:

Hand Weapons
 a - a +0 shortbow
 b - a +0 rapier (weapon)
Armour
 c - a +0 leather armour (worn)
Jewellery
 j - a ring of poison resistance (left hand)
Scrolls
 h - 2 scrolls of teleportation {unknown}
 i - a scroll of magic mapping {unknown}
 l - a scroll of noise {unknown}
 o - a scroll of enchant armour {unknown}
Potions
 d - a potion of resistance {unknown}
 e - 3 potions of brilliance {unknown}
 f - a potion of lignification {unknown}
 g - a potion of flight {unknown}
 k - a potion of ambrosia {unknown}
 m - a potion of mutation {unknown}
 n - a potion of curing {unknown}


   Skills:
 + Level 2.3 Fighting
 + Level 3.9 Ranged Weapons
 + Level 2.2 Dodging
 + Level 1.6 Stealth


You had 2 spell levels left.
You didn't know any spells.
Your spell library was empty.

Dungeon Overview and Level Annotations

Branches:
Dungeon (2/15)

Annotations:
D:2 Natasha


Innate Abilities, Weirdness & Mutations

You have an increased reservoir of magic. (+10% MP)
You shall have no god before yourself.
Your divine heritage dramatically boosts your attributes as you level up.


Message History

Your line of fire to the adder zombie is blocked by a withered plant.
Something claws the withered plant.
You shoot an arrow. The arrow hits the adder zombie.
The adder zombie is lightly damaged.
You shoot an arrow.
The arrow barely misses the adder zombie.
The arrow hits the withered plant!
The withered plant is lightly damaged.
Something bites the withered plant.
You shoot an arrow. The arrow hits the adder zombie.
The adder zombie is heavily damaged.
The withered plant crumbles away. x2; The adder zombie bites you.
b - a +0 rapier (weapon)
You barely miss the adder zombie.
The adder zombie is heavily damaged.
The adder zombie bites you but does no damage.
The adder zombie completely misses you.
You puncture the adder zombie!
The adder zombie is almost destroyed.
The adder zombie barely misses you.
You closely miss the adder zombie.
The adder zombie is almost destroyed.
You puncture Natasha!
Natasha is heavily wounded.
Natasha claws you. The adder zombie barely misses you.
You hit the adder zombie.
The adder zombie is almost destroyed.
Natasha claws you. The adder zombie misses you.
You barely miss the adder zombie.
The adder zombie is almost destroyed.
Natasha zaps a wand.
The bolt of dispelling energy misses you.
The adder zombie bites you but does no damage.
The giant cockroach zombie misses you. Natasha misses you.
You barely miss the adder zombie.
The adder zombie is almost destroyed.
The adder zombie bites you.
Natasha zaps a wand.
The bolt of dispelling energy hits you!
Ouch! That really hurt!
You die...

####.##.# #.#.#####.#
#.......###### #.#.......#
###.##.###.....#
#.#########
#...##.........# ###.#
..........[....# #(..#
...........#######.###.###
..[..............#........
.........†######.Z####.#.#
..........# #@h.♣♣♣♣♣
..........######.Z..PPP♣♣♣
..........'......♣P....PP♣
..........#######♣♣PP....P.
..>.......'...# ##♣♣♣♣♣...Z
.[........###.# #...# ...
..........# #.# #.#.# .)
########### #.# #.#.# 8 #.#
#.#.###♣♣


You could see Natasha, an adder zombie and a giant cockroach zombie.

Vanquished Creatures
  An adder (D:2)
  8 ball pythons
  5 endoplasms
  A giant cockroach (D:1)
  4 goblins
  2 hobgoblins (D:1)
  A quokka (D:1)
  4 bats
  A frilled lizard (D:1)
  A kobold (D:2)
  A rat (D:2)
29 creatures vanquished.

Vanquished Creatures (others)
  3 withered plants (D:2)
3 creatures vanquished.

Grand Total: 32 creatures vanquished

Notes
Turn   | Place    | Note
-------+----------+-------------------------------------------
     0 | D:1      | Heoruswealwe the Demigod Hunter began the quest for the
                  | Orb.
     0 | D:1      | Reached XP level 1. HP: 17/17 MP: 3/3
    26 | D:1      | Reached skill level 1 in Stealth
   290 | D:1      | Reached XP level 2. HP: 24/24 MP: 4/4
   888 | D:2      | Reached XP level 3. HP: 27/29 MP: 5/5
  1574 | D:2      | Noticed Natasha
  1575 | D:2      | Found the +4 dagger "Morg" {pain, Will+ Int+5}
  1590 | D:2      | Killed from afar by Natasha

Illustrated notes

Levels and vault maps discovered:
D:1:      erik_arrival_triangle_medium, layout_basic
D:2:      layout_basic, basic_altar, dilly_guarded_unrand_morg

Skill      XL: |  1 |
---------------+----+-----
Stealth        | 1 |  1.6
Fighting       | 2 |  2.3
Dodging        | 2 |  2.2
Ranged Weapons | |  3.9

Action                   || total
-------------------------++-------
Melee: Rapier            ||     7
 Fire: Shortbow          ||    64
Armor: Leather armour    ||    10
Dodge: Dodged            ||    17
